 Dungeon Crawl Stone Soup version 0.21.0-3-g78d12a8 (webtiles) character file.

199 mortelune the Conjurer (level 5, -2/42 HPs)
             Began as a Draconian Conjurer on Jan 13, 2018.
             Slain by an orc
             ... wielding a +0 hand axe
              (3 damage)
             ... on level 3 of the Dungeon.
             The game lasted 00:09:07 (3870 turns).

mortelune the Conjurer (Draconian Conjurer)         Turns: 3870, Time: 00:09:08

Health: -2/42      AC:  5    Str: 10    XL:     5   Next: 48%
Magic:  1/9        EV: 12    Int: 22    God:
Gold:   129        SH:  0    Dex: 11    Spells: 0/10 levels left

rFire    + . .     SeeInvis .   c - +0 dagger
rCold    x . .     Gourm    .   (no shield)
rNeg     . . .     Faith    .   (armour unavailable)
rPois    .         Spirit   .   (helmet restricted)
rElec    .         Reflect  .   (no cloak)
rCorr    .         Harm     .   (no gloves)
MR       .....                  (no boots)
Stlth    ++........             (no amulet)
HPRegen  0.14/turn              f - ring of fire
MPRegen  0.11/turn              (no ring)

@: brilliant, very slightly contaminated
A: unfitting armour, cold-blooded, AC +5
a: no special abilities


You were on level 3 of the Dungeon.
You were not hungry.

You visited 1 branch of the dungeon, and saw 3 of its levels.

You collected 129 gold pieces.

Inventory:

Hand Weapons
 c - a +0 dagger (weapon)
Jewellery
 f - a ring of fire (left hand)
Scrolls
 d - a scroll of enchant armour {unknown}
 e - 4 scrolls of remove curse {unknown}
 h - 3 scrolls of teleportation {unknown}
 j - a scroll of magic mapping {unknown}
 k - a scroll of amnesia {unknown}
 l - a scroll of immolation {unknown}
 m - 3 scrolls of identify {unknown}
 p - a scroll of enchant weapon {unknown}
 s - a scroll of blinking {unknown}
Potions
 g - a potion of berserk rage {unknown}
 i - a potion of degeneration {unknown}
 n - a potion of lignification {unknown}
 o - a potion of flight {unknown}
 r - a potion of magic {unknown}
Books
 a - a book of Conjurations

   Spells                             Type                      Level
   a - Magic Dart                     Conjuration                  1
   b - Searing Ray                    Conjuration                  2
   c - Dazzling Spray                 Conjuration/Hexes            3
   d - Fulminant Prism                Conjuration/Hexes            4
   e - Force Lance                    Conjuration/Translocation    4
   f - Iskenderun's Mystic Blast      Conjuration                  4
Comestibles
 b - 5 rations


   Skills:
 + Level 2.7 Fighting
 - Level 1.7 Dodging
 - Level 1.7 Stealth
 + Level 3.1 Spellcasting
 * Level 5.6 Conjurations


You couldn't memorise any spells.
You knew the following spells:

 Your Spells              Type           Power        Failure   Level  Hunger
a - Magic Dart            Conj           ####         1%          1    None
b - Searing Ray           Conj           #####.       1%          2    ##.....
c - Dazzling Spray        Conj/Hex       ####..       1%          3    ###....
d - Iskenderun's Mystic   Conj           #####...     1%          4    ####...


Dungeon Overview and Level Annotations

Branches:
Dungeon (3/15)

Altars:


Innate Abilities, Weirdness & Mutations

Your plain brown scales are hard. (AC +5)
You cannot fit into any form of body armour.
You are cold-blooded and may be slowed by cold attacks.


Message History

The orc wizard is almost dead.
The orc wizard points at you and mumbles some strange words.
The magic dart hits you!
* * * LOW HITPOINT WARNING * * *
The orc closely misses you. The orc wizard closely misses you.
You closely miss the orc wizard.
The orc wizard is almost dead.
The orc wizard barely misses you. The orc hits you but does no damage.
You closely miss the orc wizard.
The orc wizard is almost dead.
The orc wizard gestures at you while chanting.
The magic dart hits you!
* * * LOW HITPOINT WARNING * * *
The orc wizard hits you but does no damage.
The orc misses you.
It was a potion of brilliance.
You feel clever all of a sudden.
The orc wizard hits you but does no damage.
The orc hits you with a hand axe.
You die...

# # ###### # .....
#.#...
...#.##############
.#
..#...#...........
...###.###.......###
......)#...#.###o#
..#.#..#.###.# #@#
##.......# #.o..[...
#.#.###### #########
#.##.####
##################
... #.##..
.................#
### #.##.#
#####..########.#
#.##.# #......#
#.### ##.##.#
#.###.## #....
##...#.# ##.###.#
#####


You could see an orc wizard and an orc.

Vanquished Creatures
  An orc priest (D:3)
  An orc wizard (D:3)
  Robin (D:3)
  4 adders
  A dart slug (D:1)
  6 orcs
  A ball python (D:1)
  18 goblins
  9 hobgoblins
  6 jackals (D:1)
  8 kobolds
  9 bats
  11 frilled lizards
  13 rats
89 creatures vanquished.

Notes
Turn   | Place    | Note
-------+----------+-------------------------------------------
     0 | D:1      | mortelune the Draconian Conjurer began the quest for the Orb.
     0 | D:1      | Reached XP level 1. HP: 14/14 MP: 3/3
   234 | D:1      | Reached XP level 2. HP: 22/22 MP: 1/5
   367 | D:1      | Learned a level 2 spell: Searing Ray
   484 | D:1      | Reached skill level 1 in Fighting
   987 | D:1      | Reached XP level 3. HP: 28/28 MP: 2/6
   992 | D:1      | Learned a level 3 spell: Dazzling Spray
  2076 | D:2      | Found a faded altar of an unknown god.
  2432 | D:2      | Reached XP level 4. HP: 36/36 MP: 5/7
  2568 | D:2      | Reached skill level 5 in Conjurations
  2947 | D:3      | Reached XP level 5. HP: 35/42 MP: 1/9
  3346 | D:3      | Noticed Robin
  3394 | D:3      | Killed Robin
  3638 | D:3      | Learned a level 4 spell: Iskenderun's Mystic Blast
  3869 | D:3      | HP: 1/42 [orc wizard/magic dart (8)]
  3870 | D:3      | Slain by an orc

Skill      XL: |  1  2  3  4  5 |
---------------+----------------+-----
Fighting       | 1 2 |  2.7
Conjurations   | 5 |  5.6
Spellcasting   | 3 |  3.1
Dodging        | |  1.7
Stealth        | |  1.7

Action                   |  1- 3 |  4- 6 || total
-------------------------+-------+-------++-------
Melee: Dagger            |    13 |    39 ||    52
       Tailslap          |     3 |     4 ||     7
 Cast: Magic Dart        |    79 |    75 ||   154
       Searing Ray       |     7 |     5 ||    12
       Dazzling Spray    |       |     1 ||     1
  Use: Potion            |       |     3 ||     3
  Eat: Chunk             |     6 |     5 ||    11
Armor: Skin              |    10 |    13 ||    23
Dodge: Dodged            |     9 |    49 ||    58
